 Dungeon Crawl Stone Soup version 0.31-a0-187-gba352fbbf7 (webtiles) character file.

Game seed: 7169390461175372080

35 qw the Shooter (level 3, 0/20 HPs)
             Began as a Deep Elf Hunter on June 22, 2023.
             Slain by an orc
             ... wielding a +0 trident
              (5 damage)
             ... on level 4 of the Dungeon.
             The game lasted 00:00:18 (664 turns).

qw the Shooter (Deep Elf Hunter)                     Turns: 664, Time: 00:00:18

Health: 0/20       AC:  5    Str: 10    XL:     3   Next: 16%
Magic:  5/5        EV: 11    Int: 13    God:
Gold:   42         SH:  0    Dex: 18    Spells: 2/2 levels left

rFire   . . .        Y - +0 shortbow
rCold   . . .        (shield currently unavailable)
rNeg    . . .        h - +0 ring mail
rPois   .            (no helmet)
rElec   .            (no cloak)
rCorr   .            (no gloves)
SInv    .            (no boots)
Will    .....        (no amulet)
Stlth   +            (no ring)
HPRegen 0.23/turn    (no ring)
MPRegen 0.09/turn

%: no passive effects
@: no status effects
A: no striking features
a: no special abilities


You were on level 4 of the Dungeon.
You visited 1 branch of the dungeon, and saw 3 of its levels.

You collected 42 gold pieces.


   Skills:
 - Level 1.5 Fighting
 + Level 6.7 Ranged Weapons
 - Level 2.4 Dodging
 - Level 1.2 Stealth


You had 2 spell levels left.
You didn't know any spells.
Your spell library was empty.

Inventory:

Hand Weapons
 Y - a +0 shortbow (weapon)
Armour
 h - a +0 ring mail (worn)
Scrolls
 a - a scroll of blinking {unknown}
Potions
 g - a potion of attraction {unknown}

Dungeon Overview and Level Annotations

Branches:
Dungeon (2/15)

Altars:


Message History

A quokka comes into view.
An orc comes into view. It is wielding a +0 whip.
You shoot an arrow. The arrow barely misses the quokka.
The arrow barely misses the orc.
You shoot an arrow. The arrow closely misses the quokka.
The arrow closely misses the orc.
The arrow hits the orc.
The orc is lightly wounded.
You shoot an arrow.
The arrow hits the quokka but does no damage.
The quokka bites you but does no damage.
You shoot an arrow. The arrow hits the quokka.
The quokka is moderately wounded.
The quokka closely misses you.
You shoot an arrow. The arrow closely misses the quokka.
The arrow hits the orc but does no damage.
The quokka closely misses you. The quokka bites you.
You shoot an arrow. The arrow hits the quokka.
The quokka is heavily wounded.
The quokka bites you but does no damage.
The orc hits you but does no damage. The orc hits you with a +0 whip.
The orc hits you from afar with a +0 trident!
You shoot an arrow. The arrow hits the quokka!
You kill the quokka!
The orc hits you with a +0 club. The orc hits you with a +0 whip.
The orc hits you from afar with a +0 trident.
661 ||| DRINKING potion of heal wounds.
You feel much better. The orc barely misses you.
The orc hits you from afar with a +0 trident!
The orc barely misses you.
You shoot an arrow. The arrow hits the orc.
The orc is heavily wounded.
The orc hits you with a +0 club. The orc completely misses you.
The orc barely misses you.
You shoot an arrow. The arrow hits the orc.
You kill the orc!
The orc completely misses you. The orc misses you. x2
The orc hits you from afar with a +0 trident.
You shoot an arrow. The arrow closely misses the orc.
The orc hits you from afar with a +0 trident.
You die...

......### ...
..#....##...
##.....$....#
##..........#
#...........#
##...........#
#............##
#......@o......
#.....)........
#......o....##.
##......#..##
######...##
...## ...# ..##
.#


You could see 2 orcs.

Vanquished Creatures
  An orc (D:4)
  A ball python (D:1)
  5 bats
  3 endoplasms (D:1)
  A goblin (D:2)
  5 jackals (D:1)
  8 kobolds (D:1)
  A quokka (D:4)
  A frilled lizard (D:1)
  4 rats (D:1)
30 creatures vanquished.

Notes
Turn   | Place    | Note
-------+----------+-------------------------------------------
     0 | D:1      | qw the Deep Elf Hunter began the quest for the Orb.
     0 | D:1      | Reached XP level 1. HP: 12/12 MP: 3/3
     0 | D:1      | 0 ||| qw: Version: 0.3-a-9-g12657ce
     0 | D:1      | 0 ||| qw: Game counter: 2647
     0 | D:1      | 0 ||| qw: Always use a shield: true
     0 | D:1      | 0 ||| qw: God list: Okawaru
     0 | D:1      | 0 ||| qw: Allow faded altars: false
     0 | D:1      | 0 ||| qw: Do Orc after D:15 true
     0 | D:1      | 0 ||| qw: Do second Lair branch before Depths: true
     0 | D:1      | 0 ||| qw: Lair rune preference: random
     0 | D:1      | 0 ||| qw: Plans: Normal
     0 | D:1      | 0 ||| PLANNING D:1-11
    78 | D:1      | Reached XP level 2. HP: 16/16 MP: 4/4
    82 | D:1      | Reached skill level 6 in Ranged Weapons
   414 | D:1      | Reached XP level 3. HP: 20/20 MP: 5/5
   574 | D:1      | 574 ||| UPGRADING to +0 ring mail.
   584 | D:1      | 584 ||| DROPPING +0 leather armour.
   585 | D:1      | 585 ||| DROPPING ring of wizardry.
   586 | D:1      | 586 ||| READING 2 scrolls labelled YXIERO TOONUT.
   587 | D:1      | 587 ||| READING scroll labelled YFILI RORUKHEHENT.
   588 | D:1      | 588 ||| DRINKING 2 silvery potions.
   589 | D:1      | 589 ||| DROPPING scroll of amnesia.
   590 | D:1      | 590 ||| DROPPING scroll of butterflies.
   650 | D:2      | You fall into a shaft and drop 2 floors!
   653 | D:4      | 653 ||| PLANNING SEWER
   660 | D:4      | HP: 4/20 [orc/+0 whip (2)]
   661 | D:4      | 661 ||| DRINKING potion of heal wounds.
   664 | D:4      | Slain by an orc

Levels and vault maps discovered:
D:1:      dpeg_arrival_long_road, layout_rooms, lexackson_kobold_supper
D:2:      layout_rooms
D:4:      layout_cave_pods, portal_sewer_entry_d, uniq_eustachio

Skill      XL: |  1  2 |
---------------+-------+-----
Ranged Weapons | 6 |  6.7
Fighting       | |  1.5
Dodging        | |  2.4
Stealth        | |  1.2

Action                     || total
---------------------------++-------
   Fire: Shortbow          ||    64
    Use: Scroll            ||     2
         Potion            ||     2
 Armour: Leather armour    ||     8
         Ring mail         ||     3
  Dodge: Dodged            ||    22

Table legend:
 A = Non-vault XP
 B = Vault XP
 C = Vault XP percentage of total XP
 D = Non-vault monster count
 E = Vault monster count
 F = Vault count percentage of total count
                 A         B        C        D         E       F
            +---------+---------+-------+---------+---------+-------
      Total |      41 |       9 |  18.0 |      22 |       8 |  26.7
            +---------+---------+-------+---------+---------+-------
        D:1 |      32 |       9 |  22.0 |      17 |       8 |  32.0
        D:2 |       4 |       0 |   0.0 |       3 |       0 |   0.0
        D:4 |       5 |       0 |   0.0 |       2 |       0 |   0.0
            +---------+---------+-------+---------+---------+-------
